 Dungeon Crawl Stone Soup version 0.20-a0-502-g555d78b (webtiles) character file.

127 syzygy the Slasher (level 5, -1/41 HPs)
             Began as a Human Skald on Jan 20, 2017.
             Was an Initiate of Makhleb.
             Killed by nerve-wracking pain
             ... invoked by Grinder
              (12 damage)
             ... on level 3 of the Dungeon.
             The game lasted 00:07:49 (3799 turns).

syzygy the Slasher (Human Skald)                    Turns: 3799, Time: 00:07:49

Health: -1/41      AC: 11    Str: 13    XL:     5   Next: 33%
Magic:  8/8        EV:  9    Int: 13    God:    Makhleb [......]
Gold:   74         SH:  0    Dex: 12    Spells: 7/8 levels left

rFire    + . .     SeeInvis .   a - +0 falchion
rCold    + . .     Gourm    .   n - +0 scale mail
rNeg     . . .     Faith    +   (no shield)
rPois    +         Spirit   .   j - +2 helmet
rElec    +         Reflect  .   k - +0 cloak
rCorr    +         Harm     .   (no gloves)
MR       .....                  (no boots)
Stlth    ..........             v - amulet of faith
Regen    0.2/turn               (no ring)
                                y - ring of flight

@: resistant
A: no striking features
a: Renounce Religion, Evoke Flight


You were on level 3 of the Dungeon.
You worshipped Makhleb.
Makhleb was noncommittal.
You were very hungry.

You visited 1 branch of the dungeon, and saw 4 of its levels.

You collected 74 gold pieces.

Inventory:

Hand Weapons
 a - a +0 falchion (weapon)
Missiles
 f - 2 tomahawks (quivered)
Armour
 b - a +1 leather armour
 j - a +2 helmet (worn)
 k - a +0 cloak (worn)
 n - a +0 scale mail (worn)
Jewellery
 o - an uncursed ring of protection from cold {unknown}
 q - an uncursed ring of ice
 v - an amulet of faith (around neck)
 y - a ring of flight (left hand)
Wands
 x - a wand of digging (16/24)
Scrolls
 e - a scroll of teleportation
 g - a scroll of immolation {unknown}
 l - 2 scrolls of identify
 m - 4 scrolls of amnesia
 w - a scroll of magic mapping {unknown}
Potions
 h - a potion of curing
 r - a potion of brilliance
 s - a potion of degeneration
Books
 c - a book of Battle

   Spells                             Type                      Level
   a - Infusion                       Charms                       1
   b - Shroud of Golubria             Charms/Translocation         2
   c - Song of Slaying                Charms                       2
   d - Spectral Weapon                Hexes/Charms                 3
   e - Regeneration                   Charms/Necromancy            3
Comestibles
 d - 2 bread rations
 p - a meat ration
 u - a slice of pizza


   Skills:
 + Level 3.1 Fighting
 + Level 3.2 Long Blades
 + Level 2.9 Armour
 - Level 2.0 Dodging
 - Level 2.0 Spellcasting
 - Level 3.0 Charms
 + Level 0.7 Invocations


You had 7 spell levels left.
You knew the following spells:

 Your Spells              Type           Power        Failure   Level  Hunger
a - Infusion              Chrm           #...         34%         1    ##.....


Dungeon Overview and Level Annotations

Branches:
Dungeon (4/15)
 Temple: D:4-7

Altars:
Makhleb
Xom

Annotations:
D:3 Grinder


Message History

You resist with significant effort.
You hit Grinder.
Grinder is lightly wounded.
Grinder hits you.
You barely miss Grinder.
Grinder is lightly wounded.
Grinder gestures at you.
You suddenly lose the ability to move!
Grinder hits you but does no damage. Grinder hits you.
You writhe in agony.
Grinder barely misses you. Grinder gestures at you.
Pain shoots through your body!
* * * LOW HITPOINT WARNING * * *
You can move again.
You barely miss Grinder.
Grinder is lightly wounded.
Grinder gestures at you. Pain shoots through your body!
You die...

..................#..............
#######..#.########.###.###.#.###
# ##.#.# #. ..# #.....#.... #
#.#.# #.#### #..........
########.#.# #.... ...#........
.........#.# #.... ## #.###.#..
.........#.###...########.# #....
.......).....#.5..........# #....
...........#.###@.........# #....
...............'..........# #....
...........#####........#####....
###...##.....#.<..####...........
#...###..#.#..#..............##
#..........#..#.........####.##
##......>..#..#.#######.#......
#.........####.# #.#.##.##
#.........# #.# #.#.##.##


You could see Grinder.

Vanquished Creatures
  A worker ant (D:3)
  An adder (D:2)
  2 oozes
  7 worms
  2 dart slugs (D:1)
  4 leopard geckos
  6 giant cockroaches
  4 goblins
  4 hobgoblins
  3 jackals (D:2)
  6 kobolds
  2 quokkas
  A ball python (D:2)
  8 bats
  7 frilled lizards
  6 rats
64 creatures vanquished.

Notes
Turn   | Place    | Note
-------+----------+-------------------------------------------
     0 | D:1      | syzygy the Human Skald began the quest for the Orb.
     0 | D:1      | Reached XP level 1. HP: 16/16 MP: 3/3
   163 | D:1      | Reached XP level 2. HP: 23/23 MP: 5/5
   501 | D:1      | Reached XP level 3. HP: 28/28 MP: 6/6
  1175 | D:2      | Reached XP level 4. HP: 25/34 MP: 7/7
  2617 | D:2      | Found a burning altar of Makhleb.
  2617 | D:2      | Found a shimmering altar of Xom.
  2621 | D:2      | Became a worshipper of Makhleb the Destroyer
  2871 | D:3      | Noticed Grinder
  2905 | D:3      | Paralysed by Grinder for 3 turns
  2911 | D:4      | Noticed an ogre
  3184 | D:3      | Reached XP level 5. HP: 30/41 MP: 8/8
  3794 | D:3      | Paralysed by Grinder for 5 turns
  3799 | D:3      | Killed from afar by Grinder

Vault maps used:
D:1:      elethiomel_arrival_maze, st_stairs_14
D:2:      gammafunk_temple_overflow_wave, bh_walls_and_bars
D:3:      uniq_grinder
D:4:      kennysheep_vampire_church, kennysheep_mini, first_bread

Skill      XL: |  1  2  3  4 |
---------------+-------------+-----
Armour         | 2 |  2.9
Long Blades    | 3 |  3.2
Fighting       | 3 |  3.1
Dodging        | |  2.0
Spellcasting   | |  2.0
Charms         | |  3.0
Invocations    | |  0.7

Action                   |  1- 3 |  4- 6 || total
-------------------------+-------+-------++-------
Melee: Falchion          |   103 |   198 ||   301
 Cast: Infusion          |     1 |       ||     1
  Use: Scroll            |     3 |     7 ||    10
       Potion            |       |     3 ||     3
  Eat: Chunk             |       |     7 ||     7
       Beef jerky        |       |     1 ||     1
Armor: Leather armour    |    44 |    41 ||    85
       Scale mail        |       |    36 ||    36
Dodge: Dodged            |    75 |   101 ||   176
       Rpst.: Falchion   |    22 |    34 ||    56
